[Event "Early-Titled-Tuesday-Blitz-March-19-2024"]
[Site "Chess.com"]
[Date "2024.03.19"]
[Round "5"]
[White "FARIZA2018"]
[Black "Flaccidmoves"]
[Result "0-1"]
[WhiteElo "2560"]
[BlackElo "2444"]
[TimeControl "180+1"]
[EndTime "8:53:52 PDT"]
[Termination "Flaccidmoves won by resignation"]

1. e4 e6 2. d4 d5 3. Nd2 c5 4. exd5 exd5 5. Ngf3 Nc6 6. Bb5 Nf6 7.
O-O Be7 8. dxc5 Bxc5 9. Re1+ Be6 10. Ng5 Bxf2+ 11. Kxf2 Qb6+ 12. Kg3 Qxb5 13. Nxe6 fxe6 14. Rxe6+ Kf7 15. Re1 Rhe8 16. Nf3 Ne4+ 17. Kh4 Qc5 18.
Ng5+ Kg8 19. Nxe4 dxe4 20. Be3 Qe5 21. Qh5 Qxh2+ 0-1

[Event "Early-Titled-Tuesday-Blitz-March-19-2024"]
[Site "Chess.com"]
[Date "2024.03.19"]
[Round "5"]
[White "cristiano78"]
[Black "Boorchess"]
[Result "1-0"]
[WhiteElo "2242"]
[BlackElo "2548"]
[TimeControl "180+1"]
[EndTime "8:54:03 PDT"]
[Termination "cristiano78 won by resignation"]

1. d4 d5 2. c4 e5 3. dxe5 d4 4. Nf3 Nc6 5. g3 Nge7 6. Bg2 Ng6 7.
O-O Ngxe5 8. Nbd2 Be7 9. b3 O-O 10. Bb2 Nxf3+ 11. Nxf3 Bf6 12. a3 a5 13. Qd3 Re8 14.
Rad1 g6 15. Nxd4 Nxd4 16. Bxd4 c6 17. Bxf6 Qxf6 18. Rfe1 Be6 19. e4 a4 20. b4 Rad8 21. Qc2 Rd4 22. Rxd4 Qxd4 23. Qxa4 Bxc4 24. Qc2 Rd8 25.
Bf1 Bxf1 26. Kxf1 Ra8 27. Qb3 h5 28. e5 Re8 29. e6 fxe6 30. Rxe6 Rxe6 31. Qxe6+ Kg7 32.
Qe7+ Kh6 33. Qe3+ 1-0

[Event "Early-Titled-Tuesday-Blitz-March-19-2024"]
[Site "Chess.com"]
[Date "2024.03.19"]
[Round "5"]
[White "Casper"]
[Black "lamomiajunior"]
[Result "0-1"]
[WhiteElo "2492"]
[BlackElo "2734"]
[TimeControl "180+1"]
[EndTime "8:54:08 PDT"]
[Termination "lamomiajunior won by resignation"]

1. Nf3 Nf6 2. b3 d5 3. Bb2 Bf5 4. e3 e6 5. c4 h6 6. Nc3 c6 7. d4 Nbd7 8. Bd3 Bxd3 9. Qxd3 Bb4 10. O-O O-O 11. a3 Bxc3 12. Bxc3 Re8 13. Rad1 Rc8 14. Nd2 e5 15. cxd5 Nxd5 16. dxe5 Nxc3 17. Qxc3 Nxe5 18. Nc4 Qf6 19. Nxe5 Qxe5 20. Qxe5 Rxe5 21. Rd7 Rb5 22. b4 a5 23. bxa5 c5 24. Rc1 Kf8 25. a4 Rb4 26. Rd5 Rxa4 27. Kf1 Rxa5 28. Ke2 Ke7 29. Kd3 c4+ 30.
Kd4 Rxd5+ 31. Kxd5 b5 32. Kd4 Kd6 33. e4 Kc6 34. e5 Rd8+ 35. Kc3 Kc5 36. f4 b4+ 37. Kb2 b3 38. g4 Kb4 39. f5 c3+ 40. Kb1 b2 41. Re1 Kb3 0-1

[Event "Early-Titled-Tuesday-Blitz-March-19-2024"]
[Site "Chess.com"]
[Date "2024.03.19"]
[Round "5"]
[White "ExchangeAB"]
[Black "madmax011"]
[Result "1-0"]
[WhiteElo "2536"]
[BlackElo "2325"]
[TimeControl "180+1"]
[EndTime "8:54:11 PDT"]
[Termination "ExchangeAB won by resignation"]

1. e4 c5 2. Nf3 d6 3. d4 cxd4 4. Nxd4 Nf6 5. Nc3 a6 6. Bg5 e6 7. f4 Be7 8. Qf3 Qc7 9. O-O-O Nbd7 10. g4 h6 11. Bxf6 Nxf6 12. h4 e5 13. Nf5 Bxf5 14.
exf5 O-O-O 15. g5 hxg5 16. fxg5 Nh5 17. Nd5 Qa5 18. Nxe7+ Kb8 19. Bg2 d5 20. Rxd5 Qb4 21. Rxd8+ Rxd8 22. c3 Qxe7 23. Qxh5 Qd7 24. Rd1 Qe7 25.
Rxd8+ Qxd8 26. Qf3 Qd7 27. Qxb7+ Qxb7 28. Bxb7 Kxb7 29. h5 Kc6 30. h6 gxh6 31. gxh6 Kd5 32. h7 Ke4 33. h8=Q Kxf5 1-0

[Event "Early-Titled-Tuesday-Blitz-March-19-2024"]
[Site "Chess.com"]
[Date "2024.03.19"]
[Round "5"]
[White "rezamahdavi2008"]
[Black "arenal72"]
[Result "1-0"]
[WhiteElo "2858"]
[BlackElo "2672"]
[TimeControl "180+1"]
[EndTime "8:54:14 PDT"]
[Termination "rezamahdavi2008 won by resignation"]

1. e4 Nc6 2. Nf3 d6 3. d4 Nf6 4. Nc3 g6 5. h3 Bg7 6. Be2 O-O 7.
O-O e5 8. Be3 exd4 9. Nxd4 Re8 10.
Qd3 Nb4 11. Qd2 a5 12. Bf3 Nd7 13. Rad1 Ne5 14. Be2 Qh4 15. Bg5 Bh6 16. Bxh4 Bxd2 17. Rxd2 Bd7 18. a3 Nbc6 19. Nd5 Nxd4 20. Rxd4 Rec8 21. Ne7+ 1-0

[Event "Early-Titled-Tuesday-Blitz-March-19-2024"]
[Site "Chess.com"]
[Date "2024.03.19"]
[Round "5"]
[White "rk12387"]
[Black "ljuks68"]
[Result "0-1"]
[WhiteElo "2154"]
[BlackElo "2448"]
[TimeControl "180+1"]
[EndTime "8:54:22 PDT"]
[Termination "ljuks68 won by checkmate"]

1. Nc3 d5 2. e4 e6 3. d4 Bb4 4. Ne2 Nc6 5. a3 Ba5 6. b4 Bb6 7. e5 f6 8. f4 fxe5 9. fxe5 Nge7 10. Na4 Nf5 11. Nxb6 axb6 12. c3 O-O 13. Nf4 Qh4+ 14. g3 Nxg3 15. Ng2 Qe4+ 16. Be3 Nxh1 17. Bd3 Qxg2 18.
Bxh7+ Kxh7 19. Qh5+ Kg8 20. O-O-O Rxa3 21. Bd2 Ra1+ 22.
Kb2 Rxd1 23. Qxd1 Nf2 24. Qe2 Qf3 25. Qe1 Ne4 26. Bc1 Qg2+ 27. Kb3 Rf3 28. Bb2 Nxd4+ 29. Ka4 Nxc3+ 30. Bxc3 Qa2# 0-1

[Event "Early-Titled-Tuesday-Blitz-March-19-2024"]
[Site "Chess.com"]
[Date "2024.03.19"]
[Round "5"]
[White "Kostya0705"]
[Black "itsdsyr"]
[Result "1-0"]
[WhiteElo "2575"]
[BlackElo "2251"]
[TimeControl "180+1"]
[EndTime "8:54:25 PDT"]
[Termination "Kostya0705 won by checkmate"]

1. e4 e5 2. Nf3 Nc6 3. Bc4 Bc5 4.
c3 Nf6 5. d4 exd4 6. b4 Bb6 7.
e5 d5 8. exf6 dxc4 9. Qe2+ Be6 10. b5 Na5 11. fxg7 Rg8 12. Nxd4 Bxd4 13. cxd4 Rxg7 14. O-O Qd5 15. g3 O-O-O 16. Nc3 Qxd4 17. Rd1 Qg4 18. Rxd8+ Kxd8 19. Qe5 Rg6 20. Bf4 Qf3 21. Rd1+ Ke8 22. Qh8+ Ke7 23. Qd8# 1-0

[Event "Early-Titled-Tuesday-Blitz-March-19-2024"]
[Site "Chess.com"]
[Date "2024.03.19"]
[Round "5"]
[White "tetrix83"]
[Black "LLariMarc"]
[Result "1-0"]
[WhiteElo "2606"]
[BlackElo "2406"]
[TimeControl "180+1"]
[EndTime "8:54:33 PDT"]
[Termination "tetrix83 won by resignation"]

1. e4 e6 2. d3 d5 3. Nd2 Nf6 4. Ngf3 c5 5. g3 Nc6 6. Bg2 Qc7 7. O-O Be7 8. Re1 O-O 9. e5 Nd7 10. Qe2 b5 11. Nf1 a5 12. Bf4 b4 13. Ne3 Ba6 14. Nxd5 exd5 15. e6 Bd6 16. Bxd6 Qxd6 17. exd7 Qxd7 18.
Ne5 Nxe5 19. Qxe5 Rad8 20. Qe7 g6 21. Qxc5 Bb5 22. Re7 Qc6 23. Rc7 Qxc5 24. Rxc5 Ba4 25. b3 Bd7 26. Bxd5 Rc8 27. Rc4 Rxc4 28. bxc4 Ba4 29.
Rc1 Re8 30. Kf1 Bd7 31. f3 Ba4 32. Kf2 1-0

[Event "Early-Titled-Tuesday-Blitz-March-19-2024"]
[Site "Chess.com"]
[Date "2024.03.19"]
[Round "5"]
[White "Lady_Nika"]
[Black "diamonds13"]
[Result "1-0"]
[WhiteElo "2582"]
[BlackElo "2343"]
[TimeControl "180+1"]
[EndTime "8:54:33 PDT"]
[Termination "Lady_Nika won by resignation"]

1. g4 d5 2. h3 e5 3. Bg2 h5 4. gxh5 Nf6 5. d4 e4 6. Bg5 Rxh5 7. h4 Be7 8. Bh3 Bg4 9. Qd2 Nbd7 10. Nc3 Bxh3 11. Nxh3 Ng4 12. Qf4 Ndf6 13. f3 Bd6 14. Qxg4 Nxg4 15. Bxd8 Bg3+ 16. Kd2 e3+ 17. Kd3 Rxd8 18.
fxg4 Rxh4 19. Kxe3 Kd7 20. Kf3 Bd6 21. Ng5 Rdh8 22.
Rxh4 Rxh4 23. Nxf7 Rh3+ 24. Kg2 Rh2+ 25. Kg1 Rh4 26. Nxd6 Rxg4+ 27. Kf2 Kxd6 28. Rg1 Rxd4 29. Nb5+ 1-0

[Event "Early-Titled-Tuesday-Blitz-March-19-2024"]
[Site "Chess.com"]
[Date "2024.03.19"]
[Round "5"]
[White "ahkashefi2800"]
[Black "Vladimir_Zakhartsov"]
[Result "1-0"]
[WhiteElo "2584"]
[BlackElo "2990"]
[TimeControl "180+1"]
[EndTime "8:54:36 PDT"]
[Termination "ahkashefi2800 won by resignation"]

1. d4 Nf6 2. Nf3 e6 3. g3 c5 4. Bg2 cxd4 5. Nxd4 Nc6 6. O-O Bc5 7. Nb3 Be7 8. Bf4 O-O 9. Bd6 Ne8 10. Bxe7 Qxe7 11. c4 b6 12. Nc3 Bb7 13. Rc1 Rc8 14. Nd4 Na5 15. b3 Bxg2 16. Kxg2 Nf6 17. Qd3 Rfd8 18. Rfd1 a6 19. h4 h6 20. Qe3 Qc5 21. Na4 Qc7 22. Nf3 Rb8 23. c5 Nd5 24. Qe5 Qxe5 25. Nxe5 bxc5 26. Rxc5 Nxb3 27. axb3 d6 28. Rcxd5 exd5 29.
Nc6 Rdc8 30. Nxb8 Rxb8 31. Rxd5 Rxb3 32. Rxd6 Rb2 33. Nxb2 1-0

[Event "Early-Titled-Tuesday-Blitz-March-19-2024"]
[Site "Chess.com"]
[Date "2024.03.19"]
[Round "5"]
[White "Szparu"]
[Black "musclemonster12"]
[Result "1-0"]
[WhiteElo "2812"]
[BlackElo "2582"]
[TimeControl "180+1"]
[EndTime "8:54:42 PDT"]
[Termination "Szparu won by resignation"]

1. e4 c6 2. d4 d5 3. e5 c5 4.
dxc5 e6 5. a3 Bxc5 6. Qg4 Ne7 7.
b4 h5 8. Qd1 Bb6 9. Nf3 a5 10.
Bb2 axb4 11. axb4 Rxa1 12. Bxa1 Nbc6 13. b5 Na5 14. Nbd2 Bd7 15. Bd3 h4 16. O-O h3 17.
g3 Qc7 18. Ng5 g6 19. Qf3 Nf5 20. g4 Nh6 21. Qf6 Rg8 22. Ndf3 Nxg4 23. Qxf7+ 1-0

[Event "Early-Titled-Tuesday-Blitz-March-19-2024"]
[Site "Chess.com"]
[Date "2024.03.19"]
[Round "5"]
[White "Sam_ChessMood"]
[Black "Mops_2004"]
[Result "1-0"]
[WhiteElo "2942"]
[BlackElo "2737"]
[TimeControl "180+1"]
[EndTime "8:54:55 PDT"]
[Termination "Sam_ChessMood won by resignation"]

1. d4 d5 2. c4 e6 3. Nf3 Nf6 4. Nc3 a6 5. cxd5 exd5 6. Bg5 Be6 7. e3 Nbd7 8. h3 Bd6 9. Bf4 Bxf4 10. exf4 O-O 11.
Bd3 Nb6 12. O-O c6 13. Ne5 Nc8 14. Qf3 Nd6 15. g4 Re8 16. Rfe1 Nfe4 17. f5 Ng5 18. Qg3 Bc8 19. h4 Nge4 20. Bxe4 Nxe4 21. Nxe4 dxe4 22.
Rxe4 f6 23. Qb3+ Qd5 24. Nxc6 Be6 25. Ne7+ 1-0

[Event "Early-Titled-Tuesday-Blitz-March-19-2024"]
[Site "Chess.com"]
[Date "2024.03.19"]
[Round "5"]
[White "edgarhay012"]
[Black "ikhasu"]
[Result "0-1"]
[WhiteElo "2640"]
[BlackElo "2491"]
[TimeControl "180+1"]
[EndTime "8:54:57 PDT"]
[Termination "ikhasu won by resignation"]

1. e4 c5 2. Nc3 a6 3. Nf3 b5 4.
d4 cxd4 5. Nxd4 Bb7 6. g3 b4 7. Nd5 e6 8. Bg2 exd5 9. exd5 Bc5 10. O-O Ne7 11. d6 Bxg2 12. dxe7 Qb6 13. Nf5 Bxf1 14. Qd5 Bh3 15. Nxg7+ Kxe7 16. Bg5+ Kf8 17. Nh5 Bxf2+ 18. Kh1 Qc6 19. Bh6+ Ke8 0-1

[Event "Early-Titled-Tuesday-Blitz-March-19-2024"]
[Site "Chess.com"]
[Date "2024.03.19"]
[Round "5"]
[White "Muslim_player_05"]
[Black "RandomNoob04"]
[Result "0-1"]
[WhiteElo "2492"]
[BlackElo "2665"]
[TimeControl "180+1"]
[EndTime "8:54:58 PDT"]
[Termination "RandomNoob04 won by resignation"]

1. c4 Nf6 2. Nc3 e6 3. e4 d5 4. e5 Ne4 5. cxd5 Nxc3 6. dxc3 exd5 7. f4 Bc5 8. Nf3 O-O 9. Bd3 Nc6 10. b4 Bb6 11. a4 a5 12. b5 Ne7 13. Nd4 c5 14.
Nf3 Nf5 15. Bc2 c4 16. Qe2 d4 17. Qxc4 Be6 18. Qd3 Rc8 19. g4 Rxc3 20. gxf5 Rxd3 21. Bxd3 Bd5 22. Ke2 Bxf3+ 23. Kxf3 Qd5+ 24. Kf2 Qxh1 0-1

[Event "Early-Titled-Tuesday-Blitz-March-19-2024"]
[Site "Chess.com"]
[Date "2024.03.19"]
[Round "5"]
[White "Crazy_girl99"]
[Black "wild3000"]
[Result "1-0"]
[WhiteElo "2609"]
[BlackElo "2430"]
[TimeControl "180+1"]
[EndTime "8:54:59 PDT"]
[Termination "Crazy_girl99 won by resignation"]

1. e4 a6 2. f4 b5 3. Nf3 Bb7 4.
d3 c5 5. g3 Nc6 6. Bg2 d6 7. Be3 e6 8. Nbd2 Nf6 9. h3 Be7 10.
Qe2 O-O 11. O-O Qb6 12. Kh2 Nd4 13. Nxd4 cxd4 14. Bg1 Rac8 15. c3 e5 16. cxd4 exd4 17. Nb3 a5 18. Nxd4 Qa6 19. Nf5 Bd8 20. Bd4 b4 21. Rac1 Re8 22. Qd2 Qb5 23. Nxd6 Qd7 24. Nxe8 Qxd4 25. Nxf6+ Bxf6 26. Rxc8+ Bxc8 27. e5 Be7 28. Rc1 Qd7 29. Qc2 Ba6 30. Qc6 Qxd3 31. e6 Qe2 32.
Qe8+ Bf8 33. exf7+ 1-0

[Event "Early-Titled-Tuesday-Blitz-March-19-2024"]
[Site "Chess.com"]
[Date "2024.03.19"]
[Round "5"]
[White "viktorskliarov"]
[Black "jimmy-schlumpf"]
[Result "1-0"]
[WhiteElo "2586"]
[BlackElo "2348"]
[TimeControl "180+1"]
[EndTime "8:55:00 PDT"]
[Termination "viktorskliarov won by resignation"]

1. e4 Nf6 2. Nc3 e5 3. Bc4 Bb4 4. Nge2 O-O 5. a3 Ba5 6. b4 Bb6 7. Ng3 c6 8. O-O d5 9. Bb3 a5 10. Rb1 axb4 11. axb4 Re8 12. h3 Na6 13. Qf3 Nxb4 14.
d3 h6 15. Bd2 Na6 16. exd5 cxd5 17. Nxd5 Nxd5 18. Bxd5 Nc5 19. Bxf7+ 1-0

[Event "Early-Titled-Tuesday-Blitz-March-19-2024"]
[Site "Chess.com"]
[Date "2024.03.19"]
[Round "5"]
[White "jk13"]
[Black "AlessiaSanteramo"]
[Result "1-0"]
[WhiteElo "2674"]
[BlackElo "2267"]
[TimeControl "180+1"]
[EndTime "8:55:04 PDT"]
[Termination "jk13 won by resignation"]

1. e4 e5 2. Nf3 Nc6 3. Bc4 Nf6 4. d3 Bc5 5. O-O O-O 6. c3 d5 7. exd5 Nxd5 8. Re1 Bg4 9. h3 Bh5 10. Nbd2 Nb6 11. Bb5 Bd6 12. Ne4 Kh8 13. Ng3 Bxf3 14. Qxf3 Qd7 15. Bxc6 bxc6 16. Qf5 Qd8 17. Bg5 f6 18.
Be3 Nd5 19. Rad1 Ne7 20. Qh5 Qd7 21. d4 Qe6 22. b3 g6 23. Qe2 e4 24. Bh6 Rfe8 25.
Qxe4 Qxe4 26. Nxe4 Ng8 27. Bc1 f5 28. Nxd6 cxd6 29.
Bf4 d5 30. Be5+ 1-0

[Event "Early-Titled-Tuesday-Blitz-March-19-2024"]
[Site "Chess.com"]
[Date "2024.03.19"]
[Round "5"]
[White "nicolasbatista3"]
[Black "tarno17"]
[Result "1-0"]
[WhiteElo "2471"]
[BlackElo "2187"]
[TimeControl "180+1"]
[EndTime "8:55:04 PDT"]
[Termination "nicolasbatista3 won by checkmate"]

1. d4 d5 2. c4 e6 3. Nc3 Nf6 4. Bg5 Be7 5. e3 h6 6. Bf4 c6 7. cxd5 exd5 8. Bd3 O-O 9. Nf3 Nbd7 10. Qc2 Re8 11.
O-O-O b5 12. Ne5 Bb7 13. g4 b4 14. Na4 c5 15. Kb1 c4 16. Bf5 Nxe5 17. dxe5 Nd7 18.
e6 Nb6 19. exf7+ Kxf7 20. Be6+ Kxe6 21. Qf5# 1-0

[Event "Early-Titled-Tuesday-Blitz-March-19-2024"]
[Site "Chess.com"]
[Date "2024.03.19"]
[Round "5"]
[White "Willhaven3"]
[Black "IraZyne"]
[Result "1-0"]
[WhiteElo "2535"]
[BlackElo "2333"]
[TimeControl "180+1"]
[EndTime "8:55:08 PDT"]
[Termination "Willhaven3 won by resignation"]

1. e4 Nf6 2. e5 Nd5 3. d4 d6 4.
Nf3 Bg4 5. c4 Nb6 6. exd6 exd6 7. Nc3 Be7 8. Be3 O-O 9. b3 d5 10. c5 Nc8 11. Be2 Re8 12. O-O Bf6 13. b4 c6 14. a4 Nd7 15. b5 Nxc5 16. dxc5 Bxc3 17. Rb1 Ne7 18. Qc2 Bf6 19. bxc6 bxc6 20. Rb7 g6 21. h3 Bf5 22. Bd3 Bxd3 23. Qxd3 Qa5 24.
Qb3 Nf5 25. Bd2 Qxc5 26. Rc1 Qd6 27. a5 c5 28. Qb5 Rec8 29. Rd7 Qe6 30. Re1 Qc6 31.
Re8+ Kg7 32. Qxc6 Rxc6 33. Rxa8 c4 34. Raxa7 Nd6 35. Rac7 1-0

[Event "Early-Titled-Tuesday-Blitz-March-19-2024"]
[Site "Chess.com"]
[Date "2024.03.19"]
[Round "5"]
[White "cthulhuuu"]
[Black "chess123456s"]
[Result "1-0"]
[WhiteElo "2379"]
[BlackElo "2542"]
[TimeControl "180+1"]
[EndTime "8:55:09 PDT"]
[Termination "cthulhuuu won by resignation"]

1. e4 e5 2. Nf3 Nc6 3. Bb5 a6 4. Bxc6 dxc6 5. O-O Bg4 6. h3 h5 7. d3 Qf6 8. Nbd2 Ne7 9. Re1 Ng6 10. d4 Nf4 11.
dxe5 Qg6 12. Nh4 Bxd1 13. Nxg6 Nxg6 14. Rxd1 O-O-O 15. Re1 Nxe5 16. f4 Bc5+ 17. Kf1 Ng6 18. Nb3 Bb6 19. c4 Bd4 20. Nxd4 Rxd4 21. b3 Re8 22. Bb2 Rdxe4 23. g3 h4 24. f5 Nf8 25. Bxg7 Nd7 26. Rxe4 Rxe4 27. Re1 Rxe1+ 28. Kxe1 hxg3 29. h4 Kd8 30. h5 Ke7 31. h6 Nf8 32. f6+ 1-0

[Event "Early-Titled-Tuesday-Blitz-March-19-2024"]
[Site "Chess.com"]
[Date "2024.03.19"]
[Round "5"]
[White "UNSTOPPABLE_LEGEND"]
[Black "Viktor_Poddubnyi"]
[Result "1-0"]
[WhiteElo "2499"]
[BlackElo "2302"]
[TimeControl "180+1"]
[EndTime "8:55:11 PDT"]
[Termination "UNSTOPPABLE_LEGEND won on time"]

1. d4 g6 2. e4 Bg7 3. Nf3 d6 4. Bc4 c6 5. Bb3 d5 6. Nbd2 dxe4 7. Nxe4 Nh6 8. Bf4 O-O 9. Qd2 Nf5 10. O-O-O a5 11. a3 a4 12. Ba2 Na6 13. h4 h5 14.
Ne5 e6 15. g4 hxg4 16. h5 gxh5 17. Rxh5 Nc7 18. c3 Nd5 19. Rdh1 Nxf4 20. Qxf4 Ra5 21. Qxg4 1-0

[Event "Early-Titled-Tuesday-Blitz-March-19-2024"]
[Site "Chess.com"]
[Date "2024.03.19"]
[Round "5"]
[White "Kimkibo"]
[Black "Kolle05"]
[Result "0-1"]
[WhiteElo "2274"]
[BlackElo "2579"]
[TimeControl "180+1"]
[EndTime "8:55:20 PDT"]
[Termination "Kolle05 won by resignation"]

1. d4 Nf6 2. Nf3 g6 3. Bf4 Bg7 4. e3 O-O 5. h3 d6 6. Be2 c5 7. c3 Qb6 8. Qc1 Nc6 9. O-O Be6 10. Nbd2 Rac8 11. Bh2 cxd4 12. exd4 Nd5 13. Nb3 a5 14. Qd2 a4 15. Nc1 Na5 16. Ng5 Bd7 17. Bd3 Nc4 18. Bxc4 Rxc4 19. Nd3 a3 20. Rab1 axb2 21. Rxb2 Qc7 22.
Ne4 Nxc3 23. Nxc3 Rxc3 24. Rxb7 Qxb7 25. Qxc3 Rc8 26. Qb4 Qxb4 27. Nxb4 Bxd4 28. Nd5 Kf8 29. Re1 Be6 30. Nb4 Bc3 31. Rb1 Bf5 32. Rb3 Bxb4 0-1

[Event "Early-Titled-Tuesday-Blitz-March-19-2024"]
[Site "Chess.com"]
[Date "2024.03.19"]
[Round "5"]
[White "Josetricks"]
[Black "DavidGavrilescu18"]
[Result "0-1"]
[WhiteElo "2544"]
[BlackElo "2778"]
[TimeControl "180+1"]
[EndTime "8:55:22 PDT"]
[Termination "DavidGavrilescu18 won by resignation"]

1. e4 c5 2. c3 e6 3. Nf3 d5 4.
exd5 exd5 5. d4 Nc6 6. Bd3 c4 7.
Bc2 Bd6 8. O-O Nge7 9. Re1 O-O 10. Ne5 Bf5 11. Bf4 Bxc2 12. Qxc2 Bxe5 13. Bxe5 Ng6 14. Bg3 f5 15. Be5 f4 16. Nd2 Nh4 17. g3 Qg5 18. Kh1 fxg3 19. hxg3 Rxf2 20. Ne4 Rxc2 21.
Nxg5 Nf5 22. Rf1 g6 23. g4 Nxe5 24. gxf5 Ng4 25. f6 Re2 26. Rf4 Nh6 27. f7+ Kg7 28.
Nxh7 Nxf7 29. Nf6 Rh8+ 30. Kg1 Rhh2 31. Nxd5 Reg2+ 32. Kf1 Rxb2 33. Kg1 Rbg2+ 34. Kf1 Rg5 0-1

[Event "Early-Titled-Tuesday-Blitz-March-19-2024"]
[Site "Chess.com"]
[Date "2024.03.19"]
[Round "5"]
[White "martinbitel"]
[Black "Alenzer"]
[Result "1-0"]
[WhiteElo "2411"]
[BlackElo "2160"]
[TimeControl "180+1"]
[EndTime "8:55:23 PDT"]
[Termination "martinbitel won by checkmate"]

1. e4 c5 2. Nf3 e6 3. d4 cxd4 4. Nxd4 Nf6 5. Bd3 Nc6 6. Nxc6 bxc6 7. O-O Be7 8. e5 Nd5 9. c4 Nb6 10. Nc3 d5 11. exd6 Qxd6 12. Ne4 Qc7 13. Qg4 g6 14.
Qf3 f5 15. Ng3 e5 16. Bxf5 gxf5 17. Qh5+ Kf8 18. Bh6+ Kg8 19. Qe8+ Bf8 20. Qxf8# 1-0

[Event "Early-Titled-Tuesday-Blitz-March-19-2024"]
[Site "Chess.com"]
[Date "2024.03.19"]
[Round "5"]
[White "JosefineHeinemann"]
[Black "GelmanAlexander"]
[Result "0-1"]
[WhiteElo "2447"]
[BlackElo "2697"]
[TimeControl "180+1"]
[EndTime "8:55:28 PDT"]
[Termination "GelmanAlexander won by resignation"]

1. e4 c5 2. Nf3 e6 3. d4 cxd4 4. Nxd4 a6 5. Bd3 d6 6. O-O Nf6 7. c4 b6 8. f4 Bb7 9. Nc3 Nbd7 10. Qe2 Qc7 11. Bd2 Be7 12. Rac1 O-O 13. b4 Rad8 14. a3 Rfe8 15. Qf3 Bf8 16. Qh3 g6 17. f5 exf5 18. exf5 Bg7 19. fxg6 hxg6 20. Bg5 Re5 21. Nf3 Bxf3 22.
Bxf6 Bxg2 23. Qxg2 Nxf6 24. Rxf6 Bxf6 25. Nd5 Rxd5 26.
Qxd5 Qe7 27. Rf1 Kg7 28. Kg2 Rh8 29. Qf3 Rh5 30. Rf2 Bd4 31. Re2 Rg5+ 0-1

[Event "Early-Titled-Tuesday-Blitz-March-19-2024"]
[Site "Chess.com"]
[Date "2024.03.19"]
[Round "5"]
[White "Barbix1"]
[Black "balack95"]
[Result "0-1"]
[WhiteElo "2279"]
[BlackElo "2471"]
[TimeControl "180+1"]
[EndTime "8:55:31 PDT"]
[Termination "balack95 won on time"]

1. d4 Nf6 2. c4 e6 3. Nf3 d5 4. g3 Be7 5. Bg2 O-O 6. O-O c6 7. Qc2 b6 8. Rd1 a5 9. Nbd2 c5 10. e4 Nc6 11. dxc5 bxc5 12. cxd5 exd5 13. exd5 Nb4 14.
Qb3 a4 15. Qc4 Ba6 16. Qf4 Nfxd5 17. Qf5 Be2 18. Re1 Bd3 19. Qe5 Bf6 20. Qh5 Nc2 21. Nh4 Ndb4 22. Rd1 Nxa1 23. Ne4 Bxh4 24. gxh4 Ra6 0-1

[Event "Early-Titled-Tuesday-Blitz-March-19-2024"]
[Site "Chess.com"]
[Date "2024.03.19"]
[Round "5"]
[White "DraningWaterHi"]
[Black "laziestwin"]
[Result "1-0"]
[WhiteElo "2263"]
[BlackElo "2559"]
[TimeControl "180+1"]
[EndTime "8:55:32 PDT"]
[Termination "DraningWaterHi won on time"]

1. d4 d6 2. e4 g6 3. Nc3 Bg7 4. Bf4 Nc6 5. Nge2 Nxd4 6. Nxd4 e5 7. Be3 exd4 8. Bxd4 Nf6 9. f3 O-O 10. Bc4 Be6 11. Bb3 Re8 12. O-O a6 13. Qd2 c5 14.
Bf2 c4 15. Ba4 b5 16. Nxb5 axb5 17. Bxb5 Re7 18. c3 d5 19. Rad1 Qc8 20. exd5 Nxd5 21. Rfe1 Rxa2 22. Qc1 Nc7 23. Bxc4 Ra8 24. Bf1 Re8 25.
Qf4 Qb7 26. Rd2 Nd5 27. Qe4 Rad8 28. c4 1-0

[Event "Early-Titled-Tuesday-Blitz-March-19-2024"]
[Site "Chess.com"]
[Date "2024.03.19"]
[Round "5"]
[White "Iskusnyh"]
[Black "MdChess1734"]
[Result "1-0"]
[WhiteElo "2630"]
[BlackElo "2356"]
[TimeControl "180+1"]
[EndTime "8:55:36 PDT"]
[Termination "Iskusnyh won by resignation"]

1. d4 Nf6 2. c4 e6 3. g3 Bb4+ 4. Bd2 Qe7 5. Bg2 Nc6 6. e3 Bxd2+ 7. Nxd2 d5 8. Ngf3 O-O 9. O-O Rd8 10. Rc1 Ne4 11.
Nxe4 dxe4 12. Nd2 f6 13. Nxe4 e5 14. d5 Nb4 15. Qb3 Na6 16. c5 Qf7 17. Rfd1 b6 18. d6 Qxb3 19. axb3 Bb7 20. Nxf6+ gxf6 21. Bxb7 1-0

[Event "Early-Titled-Tuesday-Blitz-March-19-2024"]
[Site "Chess.com"]
[Date "2024.03.19"]
[Round "5"]
[White "ActorXu"]
[Black "jraosam"]
[Result "1-0"]
[WhiteElo "2827"]
[BlackElo "2010"]
[TimeControl "180+1"]
[EndTime "8:55:37 PDT"]
[Termination "ActorXu won by resignation"]

1. e4 e6 2. d3 d5 3. Nd2 dxe4 4. dxe4 Nf6 5. g3 c6 6. Bg2 Qc7 7. Ngf3 Nbd7 8. O-O Be7 9. Re1 e5 10. Nh4 O-O 11. Nf5 Re8 12. Nc4 Nf8 13. Nxe7+ Qxe7 14. Ne3 Rd8 15. Qe2 Ne8 16. Nf5 Qc7 17. Bg5 f6 18. Bd2 Bxf5 19. exf5 Qb6 20. b3 Nd6 21. a4 Nxf5 22. a5 Qc7 23. Bc3 Nd4 24. Qe4 Rac8 25.
a6 b6 26. Rad1 Nfe6 27. Bxd4 Rxd4 28. Qf5 Rxd1 29. Qxe6+ Kh8 30. Rxd1 Rd8 31. Rxd8+ Qxd8 32. Qxc6 h5 33. Qa8 Qxa8 34. Bxa8 Kg8 35. Kg2 Kf7 36. Kf3 Ke6 37. Ke4 f5+ 38. Kd3 g5 39. f3 Kd6 40. Kc4 g4 41. fxg4 hxg4 42. Bg2 f4 43.
gxf4 exf4 44. Kd4 f3 45. Bf1 Ke6 46. Ke4 1-0

[Event "Early-Titled-Tuesday-Blitz-March-19-2024"]
[Site "Chess.com"]
[Date "2024.03.19"]
[Round "5"]
[White "GnowReopard"]
[Black "NovoselovRoman"]
[Result "1-0"]
[WhiteElo "2798"]
[BlackElo "2546"]
[TimeControl "180+1"]
[EndTime "8:55:38 PDT"]
[Termination "GnowReopard won on time"]

1. c4 e6 2. Nc3 d5 3. d4 Nf6 4. cxd5 exd5 5. Bg5 Be7 6. e3 O-O 7. Bd3 Nbd7 8. Nf3 Re8 9. h3 c6 10. Qc2 Nf8 11. Bf4 Be6 12. Ne5 Rc8 13. O-O a6 14. Rac1 c5 15. dxc5 Bxc5 16. Qe2 d4 17. exd4 Bxd4 18.
Qf3 Bxc3 19. bxc3 Nd5 20. Bd2 b5 21. Rfe1 Nb6 22. Rcd1 Qd5 23. Qg3 Qxa2 24. Be3 Nd5 25. Bd4 Ng6 26. Nxg6 hxg6 27. Bxg6 fxg6 28. Qxg6 Re7 29.
Re4 Qc2 30. Bxg7 Qxd1+ 31. Kh2 Rxg7 32. Qxe6+ Kh7 33. Rh4+ 1-0

[Event "Early-Titled-Tuesday-Blitz-March-19-2024"]
[Site "Chess.com"]
[Date "2024.03.19"]
[Round "5"]
[White "MaxLeto"]
[Black "GMAneta"]
[Result "0-1"]
[WhiteElo "2509"]
[BlackElo "2670"]
[TimeControl "180+1"]
[EndTime "8:55:38 PDT"]
[Termination "GMAneta won on time"]

1. a3 g6 2. b3 Bg7 3. c3 d5 4. d3 e5 5. e3 c5 6. f3 Ne7 7.
g3 h5 8. h3 Nf5 9. Ne2 Qc7 10.
e4 Ne7 11. c4 d4 12. Bg2 Nbc6 13. Nd2 h4 14. gxh4 Bh6 15. f4 exf4 16. Nf3 Ne5 17. Rf1 N7c6 18. Nfg1 Qe7 19. Bxf4 Qxh4+ 20. Kd2 Bxf4+ 21.
Nxf4 Qg3 22. Nge2 Qe3+ 23. Kc2 Be6 24. Nd5 Bxd5 25. exd5 Ne7 26. Nf4 O-O-O 27. b4 Nf5 28. Be4 Ng3 0-1

[Event "Early-Titled-Tuesday-Blitz-March-19-2024"]
[Site "Chess.com"]
[Date "2024.03.19"]
[Round "5"]
[White "Flawless_Fighter"]
[Black "djano"]
[Result "1-0"]
[WhiteElo "2841"]
[BlackElo "2630"]
[TimeControl "180+1"]
[EndTime "8:55:40 PDT"]
[Termination "Flawless_Fighter won by resignation"]

1. e4 c5 2. Nf3 Nc6 3. Bb5 e5 4. O-O Nge7 5. c3 g6 6. d4 cxd4 7. cxd4 exd4 8. Nxd4 Bg7 9. Nxc6 bxc6 10. Bc4 d5 11.
exd5 cxd5 12. Bb5+ Bd7 13. Qa4 Rb8 14. Na3 Rxb5 15.
Nxb5 Qb6 16. Qxa7 Qxb5 17. Re1 Be6 18. Bg5 Qd7 19. Qa8+ Qc8 20. Qa3 Qd7 21. Rac1 f6 22. Bf4 Kf7 23. Rc7 Qd8 24. Qe3 1-0